Map: Dreamcatcher LE

Players

hyperion

  • Race: Terran Terran
  • Spawn Location: 5:00

Test - Winner!

  • Race: Terran Terran
  • League: Silver
  • Spawn Location: 11:00

VOD

Have the link to the VOD?

Description

Time

  • Played on: May 15, 2018, 7:42 p.m.
  • Length: 12:55
Show
View Real Time Build Order
Export as new Build Order

hyperion Terran 

Build Orders:  

Get SALT Encoding   

  12  0:09  SCV  
  13  0:22  SCV  
  13  0:25  Supply Depot  
  13  0:26  Refinery  
  14  0:34  SCV  
  15  0:42  Supply Depot  
  15  0:47  SCV  
  16  1:05  SCV, Barracks  
  17  1:17  SCV  
  18  1:31  SCV  
  19  1:43  SCV  
  20  1:50  Refinery  
  20  1:54  Barracks Reactor  
  20  1:55  SCV  
  21  2:01  Factory  
  21  2:07  SCV  
  22  2:20  Orbital Command  
  22  2:44  Engineering Bay  
  22  2:57  Starport  
  22  2:58  Barracks Reactor  
  22  2:59  Hellion x2  
  26  3:06  SCV  
  27  3:13  Missile Turret  
  27  3:14  Terran Infantry Weapons Level 1  
  27  3:19  SCV  
  30  3:27  Hellion  
  30  3:35  Supply Depot  
  30  3:50  Supply Depot  
  30  3:57  Medivac x2, Hellion  
  30  3:58  Supply Depot  
  30  4:00  Hellion  
  38  4:03  Barracks Tech Lab  
  38  4:20  Widow Mine  
  38  4:22  Supply Depot  
  40  4:28  Stimpack  
  40  4:29  Marine  
  41  4:47  Missile Turret  
  41  4:55  SCV  
  42  5:07  Marine  
  43  5:23  Command Center  
  43  5:24  Hellion x2  
  45  5:56  Liberator x2  
  41  6:15  Marine, Hellion  
  41  6:16  Hellion  
  52  6:19  SCV  
  53  6:25  Barracks  
  53  6:31  SCV  
  10  7:53  Orbital Command  
  10  7:57  Marine  
  10  7:58  Marine  
  10  8:43  SCV  
  11  8:55  SCV  
  11  9:02  Bunker  
  11  10:08  Bunker  
  11  10:40  Barracks, Orbital Command  
  1  11:27  Marine  
  1  11:30  Barracks  
  2  11:51  Barracks  
  2  11:55  Command Center  
  2  11:57  Marine  
  3  12:14  Marine  
  4  12:32  Marine  
Show
View Real Time Build Order
Export as new Build Order

Test Terran - Winner!

Build Orders:  

Get SALT Encoding   

  12  0:00  SCV  
  13  0:12  SCV  
  14  0:21  Supply Depot  
  14  0:24  SCV  
  15  0:32  Refinery  
  15  0:44  Barracks  
  15  0:54  SCV  
  16  1:06  SCV  
  17  1:18  SCV  
  18  1:28  Refinery  
  18  1:31  SCV  
  19  1:33  Barracks, Barracks Reactor  
  19  1:49  Orbital Command  
  19  2:10  Marine x2, Supply Depot  
  19  2:13  Barracks  
  21  2:22  Barracks, Barracks Reactor  
  21  2:35  Marine x2  
  23  2:44  SCV  
  24  2:58  Barracks  
  24  3:00  Marine, Supply Depot  
  24  3:01  Marine  
  26  3:06  Barracks Reactor  
  26  3:11  Barracks Reactor  
  26  3:13  Marine  
  26  3:17  Marine  
  28  3:21  Marine  
  28  3:25  Marine  
  30  3:31  Marine  
  31  3:35  Marine  
  31  3:39  Marine  
  33  3:45  Supply Depot  
  33  3:53  Marine  
  34  3:57  Marine  
  34  4:01  Marine  
  36  4:06  Marine  
  36  4:07  Marine  
  36  4:08  Barracks Tech Lab  
  38  4:13  Marine  
  38  4:16  Marine  
  40  4:17  Marine  
  40  4:21  Marine  
  42  4:26  Marine  
  43  4:33  Stimpack  
  43  4:35  Marine  
  44  4:42  Marine  
  45  4:59  Marine x2  
  47  5:24  Supply Depot  
  47  5:31  Marine  
  47  5:32  Marine  
  47  5:35  Marine x2  
  47  5:37  Marine  
  47  6:41  Marine  
  47  6:42  Marine x2  
  47  6:43  Marine  
  47  6:44  Marine  
  47  6:46  Marine x2  
  47  6:47  Marine  
  42  6:59  Marine  
  42  7:00  Marine x3  
  45  7:02  Marine  
  45  7:04  Marine  
  45  7:06  Marine  
  45  7:07  Marine  
  32  7:16  Marine  
  32  7:18  Marine  
  34  7:46  Orbital Command  
  33  10:30  Orbital Command  
Tags
 
Add a new tag
Caveats
  • Supply blocks, unpowered buildings, or Contaminate may cause inaccurate times.
  • Supply counts are checked every 10 seconds.